 Dungeon Sprint DCSS version 0.26-a0-652-gafc20e3620 (webtiles) character file.

Game seed: 17898122374945427888

13265 mhtbhm the Fencer (level 11, -5/114 HPs)
             Began as a Minotaur Fighter on Oct 3, 2020.
             Was the Champion of Okawaru.
             Slain by an orc knight
             ... wielding a +0 long sword
              (28 damage)
             ... in the Dungeon (Sprint IX: "|||||||||||||||||||||||||||||").
             The game lasted 00:03:43 (1920 turns).

mhtbhm the Fencer (Minotaur Fighter)                Turns: 1920, Time: 00:03:44

Health: -5/114     AC: 24    Str: 27    XL:     11   Next: 73%
Magic:  10/10      EV: 10    Int:  5    God:    Okawaru [******]
Gold:   1300       SH: 15    Dex: 10    Spells: 10/10 levels left

rFire    . . .     SeeInvis .   a - +2 scimitar (holy)
rCold    . . .     Faith    .   c - +0 kite shield
rNeg     . . .     Spirit   .   b - +0 plate armour
rPois    .         Reflect  .   z - +1 hat {MR+}
rElec    .         Harm     .   y - +0 cloak
rCorr    .         Rampage  .   p - +0 pair of gloves
MR       +....     NoTele   +   o - +0 pair of boots
Stlth    ..........             (no amulet)
HPRegen  0.29/turn              q - +2 ring of protection
MPRegen  0.12/turn              r - +3 ring of strength

@: mighty, very slightly contaminated, invisible
A: retaliatory headbutt, horns 2
a: Heroism, Finesse, Renounce Religion


You were in the Dungeon.
You worshipped Okawaru.
Okawaru was exalted by your worship.
You visited 1 branch You collected 1300 gold pieces.

Inventory:

Hand Weapons
 a - a +2 scimitar of holy wrath (weapon)
Armour
 b - a +0 plate armour (worn)
 c - a +0 kite shield (worn)
 o - a +0 pair of boots (worn)
 p - a +0 pair of gloves (worn)
 y - a +0 cloak (worn)
 z - a +1 hat of magic resistance (worn)
Jewellery
 q - a +2 ring of protection (left hand)
 r - a +3 ring of strength (right hand)
Scrolls
 j - 2 scrolls of blinking
 l - 3 scrolls of remove curse
 m - 2 scrolls of amnesia
 t - 2 scrolls of enchant weapon
 u - a scroll of identify
 v - 2 scrolls of enchant armour
 w - 2 scrolls of fog
Potions
 d - 2 potions of might
 f - 4 potions of heal wounds
 g - a potion of haste
 h - 4 potions of magic
 i - a potion of berserk rage
 k - 5 potions of curing
 s - a potion of resistance
 x - 2 potions of flight


   Skills:
 + Level 16.0 Fighting
 + Level 18.8 Long Blades
 + Level 15.1 Armour
 + Level 5.2 Dodging
 + Level 0.2 Stealth
 + Level 16.8 Shields
 + Level 1.1 Invocations
   Level 4.1 Evocations


You had 10 spell levels left.
You didn't know any spells.
Your spell library was empty.

Dungeon Overview and Level Annotations

Branches:
Dungeon (1/1)

Altars:
Cheibriados
Dithmenos
Elyvilon
Fedhas
Gozag
Hepliaklqana
Kikubaaqudgha
Makhleb
Nemelex Xobeh
Okawaru
Qazlal
Ru
Sif Muna
Trog
Uskayaw
Vehumet
Wu Jian
Xom
Yredelemnul
Zin
The Shining One
Beogh
Jiyva
Lugonu

Shops:
D !![


Innate Abilities, Weirdness & Mutations

You reflexively headbutt those who attack you in melee.
You have a pair of horns on your head.


Message History

The orc knight is severely wounded.
Unknown command.
You strike the helpless orc knight from behind!
You slash the orc knight!
The orc knight is almost dead.
You block the orc knight's attack.
You slice the orc knight!!
You kill the orc knight!
Okawaru accepts your kill. Something appears at your feet!
Okawaru grants you a weapon!
Your Fighting skill increases to level 16!
The neqoxec gestures at you.
Something tries to feed on your intellect!
You catch the helpless orc knight completely off-guard!
You slash the orc knight! You headbutt the orc knight!
The orc knight is moderately wounded.
The orc high priest no longer looks unusually strong.
The orc knight hits you with a +0 long sword!!
You die...

▓.▓.▓.▓.▓
▓[▓.▓[▓.▓.▓
▓.▓.▓[▓.▓∩▓
▓.▓.▓.▓.▓4▓
▓.▓.▓.▓.▓o▓
▓[▓.▓.▓.▓3▓
▓.▓.▓.▓.▓∩▓
▓.▓.▓.▓.▓o▓
▓)▓.▓.▓.▓@▓
▓.▓.▓†▓.▓)▓
▓.▓.▓.▓.▓)▓
▓'▓.▓†▓.▓)▓
▓_▓.▓.▓.▓)▓
▓_▓.▓.▓.▓.▓
▓_▓.▓.▓.▓.▓
▓_▓.▓.▓)▓.▓
▓_▓.▓.▓†▓.▓


You could see an orc knight (strong), an orc high priest, an ice devil
(summoned) and a neqoxec (summoned).

Vanquished Creatures
  2 hydras (D)
  A centaur warrior (D)
  4 orc high priests (D)
  7 orc knights (D)
  A manticore (D)
  A black mamba (D)
  2 cane toads (D)
  A rime drake (D)
  2 komodo dragons (D)
  A blink frog (D)
  A yak (D)
  Grum (D)
  A basilisk (D)
  2 wargs (D)
  A water moccasin (D)
  2 hell hounds (D)
  4 porcupines (D)
  A black bear (D)
  12 orc warriors (D)
  An eye of draining (D)
  A phantom (D)
  6 wolves (D)
  2 crocodiles (D)
  A bullfrog (D)
  A howler monkey (D)
  2 hounds (D)
  3 orc priests (D)
  4 orc wizards (D)
  3 worker ants (D)
  A white imp (D)
  A leopard gecko (D)
  6 orcs (D)
  A bat skeleton (D)
  A goblin (D)
  3 hobgoblins (D)
  A rat (D)
85 creatures vanquished.

Notes
Turn   | Place    | Note
-------+----------+-------------------------------------------
     0 | D        | mhtbhm the Minotaur Fighter began the quest for the Orb.
     0 | D        | Reached XP level 1. HP: 19/19 MP: 0/0
    24 | D        | Noticed a hound
    24 | D        | Noticed a phantom
    24 | D        | Noticed a worker ant
    24 | D        | Noticed an orc wizard
    24 | D        | Noticed a worker ant
    27 | D        | Killed a worker ant
    27 | D        | Reached skill level 5 in Fighting
    27 | D        | Reached skill level 3 in Long Blades
    27 | D        | Reached skill level 5 in Armour
    27 | D        | Reached skill level 5 in Shields
    27 | D        | Reached XP level 2. HP: 27/29 MP: 1/1
    27 | D        | Reached XP level 3. HP: 34/36 MP: 2/2
    49 | D        | Reached skill level 4 in Long Blades
    49 | D        | Reached skill level 1 in Dodging
    49 | D        | Reached XP level 4. HP: 24/44 MP: 3/3
    53 | D        | Reached skill level 5 in Long Blades
    63 | D        | Killed a phantom
    63 | D        | Reached skill level 6 in Long Blades
    63 | D        | Reached XP level 5. HP: 13/52 MP: 4/4
    88 | D        | Found a roughly hewn altar of Beogh.
    88 | D        | Found a snail-covered altar of Cheibriados.
    88 | D        | Found a shadowy altar of Dithmenos.
    88 | D        | Found a white marble altar of Elyvilon.
    88 | D        | Found a blossoming altar of Fedhas.
    88 | D        | Found an opulent altar of Gozag.
    89 | D        | Found a hazy altar of Hepliaklqana.
    90 | D        | Found a viscous altar of Jiyva.
    91 | D        | Found an ancient bone altar of Kikubaaqudgha.
    92 | D        | Found a corrupted altar of Lugonu.
    93 | D        | Found a burning altar of Makhleb.
    94 | D        | Found a sparkling altar of Nemelex Xobeh.
    95 | D        | Found an iron altar of Okawaru.
    96 | D        | Found a stormy altar of Qazlal.
    97 | D        | Found a sacrificial altar of Ru.
    98 | D        | Found a shimmering blue altar of Sif Muna.
    99 | D        | Found a bloodstained altar of Trog.
   100 | D        | Found a hide-covered altar of Uskayaw.
   101 | D        | Found a radiant altar of Vehumet.
   102 | D        | Found an ornate altar of the Wu Jian Council.
   103 | D        | Found a shimmering altar of Xom.
   104 | D        | Found a basalt altar of Yredelemnul.
   105 | D        | Found a glowing silver altar of Zin.
   106 | D        | Found a glowing golden altar of the Shining One.
   111 | D        | Became a worshipper of Warmaster Okawaru
   370 | D        | Reached skill level 7 in Long Blades
   382 | D        | Reached XP level 6. HP: 60/61 MP: 5/5
   410 | D        | Noticed a centaur warrior
   410 | D        | Noticed a manticore
   410 | D        | Noticed a basilisk
   415 | D        | Killed a basilisk
   415 | D        | Reached skill level 9 in Long Blades
   423 | D        | Reached XP level 7. HP: 36/69 MP: 1/6
   582 | D        | Reached * piety under Okawaru
   582 | D        | Reached skill level 10 in Long Blades
   592 | D        | Killed a manticore
   592 | D        | Reached skill level 11 in Long Blades
   592 | D        | Reached skill level 10 in Armour
   592 | D        | Reached skill level 10 in Shields
   604 | D        | Killed a centaur warrior
   604 | D        | Reached ** piety under Okawaru
   604 | D        | Reached *** piety under Okawaru
   604 | D        | Reached skill level 10 in Fighting
   604 | D        | Reached skill level 13 in Long Blades
   604 | D        | Reached XP level 8. HP: 17/79 MP: 3/7
  1096 | D        | Noticed a komodo dragon
  1096 | D        | Noticed a rime drake
  1096 | D        | Noticed a five-headed hydra
  1099 | D        | Noticed a five-headed hydra
  1101 | D        | Killed a six-headed hydra
  1101 | D        | Reached **** piety under Okawaru
  1101 | D        | Reached skill level 14 in Long Blades
  1101 | D        | Reached skill level 1 in Evocations
  1101 | D        | Reached XP level 9. HP: 69/86 MP: 8/8
  1101 | D        | Noticed a black mamba
  1103 | D        | Killed a rime drake
  1103 | D        | Reached skill level 15 in Long Blades
  1104 | D        | Killed a komodo dragon
  1187 | D        | Killed a nine-headed hydra
  1187 | D        | Reached ***** piety under Okawaru
  1194 | D        | Killed a black mamba
  1194 | D        | Reached skill level 16 in Long Blades
  1194 | D        | Reached XP level 10. HP: 84/97 MP: 9/9
  1247 | D        | Noticed a cane toad
  1254 | D        | Noticed a cane toad
  1257 | D        | Killed a cane toad
  1276 | D        | Killed a cane toad
  1294 | D        | Reached skill level 17 in Long Blades
  1305 | D        | Reached ****** piety under Okawaru
  1381 | D        | Noticed Grum
  1389 | D        | Killed Grum
  1462 | D        | Received a gift from Okawaru
  1536 | D        | Noticed an orc knight
  1544 | D        | Noticed an orc knight
  1551 | D        | Killed an orc knight
  1551 | D        | Reached skill level 15 in Shields
  1551 | D        | Reached XP level 11. HP: 84/108 MP: 7/10
  1570 | D        | Killed an orc knight
  1853 | D        | Found Wiurir's Antique Armour Boutique.
  1853 | D        | Noticed an orc high priest
  1853 | D        | Noticed an orc knight
  1853 | D        | Noticed an orc high priest
  1853 | D        | Noticed an orc high priest
  1853 | D        | Noticed an orc knight
  1855 | D        | Noticed an orc knight
  1862 | D        | Noticed an orc high priest
  1863 | D        | Killed an orc knight
  1864 | D        | Noticed an orc knight
  1868 | D        | Killed an orc high priest
  1868 | D        | Reached skill level 18 in Long Blades
  1868 | D        | Reached skill level 5 in Dodging
  1870 | D        | Killed an orc high priest
  1870 | D        | Reached skill level 15 in Fighting
  1871 | D        | Found Inwouwav's Distillery.
  1875 | D        | Noticed an orc knight
  1882 | D        | Noticed an orc knight
  1885 | D        | Killed an orc knight
  1889 | D        | Noticed a sixfirhy
  1895 | D        | Killed an orc high priest
  1896 | D        | Found Qiuhico's Distillery.
  1900 | D        | Killed an orc knight
  1900 | D        | Reached skill level 1 in Invocations
  1903 | D        | Killed an orc high priest
  1903 | D        | Reached skill level 15 in Armour
  1912 | D        | Killed an orc knight
  1912 | D        | Noticed an orc high priest
  1919 | D        | Killed an orc knight
  1919 | D        | Received a gift from Okawaru
  1920 | D        | Slain by an orc knight

Illustrated notes

Levels and vault maps discovered:
D:        linesprint [early_d, line_temple, items_1, d_10, items_2, lair_1,
          lair_end, items_3, orc_1, orc_end, items_4, d_15, swamp_1, shoals_1,
          snake_1, spider_1, d_20, vaults_1, items_5, swamp_end, shoals_end,
          snake_end, spider_end, vaults_end, d_27, items_6, zot_1, zot_end,
          crypt_end, forest_end, elf_end, slime_end, tomb_end, abyss_end,
          pan_hell_end]

Skill      XL: |  1  2  3  4  5  6  7  8  9 10 11 |
---------------+----------------------------------+-----
Fighting       | 5 6 7 8 10 11 13 16 | 16.0
Armour         | 5 6 8 9 11 12 13 14 15 | 15.1
Shields        | 5 6 7 8 9 11 12 13 15 16 | 16.8
Long Blades    | 3 4 6 7 9 13 14 16 17 18 | 18.8
Dodging        | 1 2 3 4 5 |  5.2
Evocations     | 1 2 3 4 |  4.1
Invocations    | 1 |  1.1
Stealth        | |  0.2

Action                   |  1- 3 |  4- 6 |  7- 9 | 10-12 || total
-------------------------+-------+-------+-------+-------++-------
Melee: Long sword        |    36 |    14 |       |       ||    50
       Headbutt          |     4 |     4 |    14 |    56 ||    78
       Scimitar          |       |    34 |    41 |   203 ||   278
Invok: Heroism           |       |       |       |     1 ||     1
Evoke: Wand              |       |       |     6 |     4 ||    10
  Use: Potion            |     2 |       |       |     4 ||     6
 Stab: Invisible         |       |       |       |     2 ||     2
Armor: Scale mail        |    11 |     5 |       |       ||    16
       Plate armour      |       |    16 |    32 |    29 ||    77
Dodge: Dodged            |    12 |    12 |    16 |    30 ||    70
Block: Kite shield       |    24 |    27 |    31 |    73 ||   155
       Rpst.: Long sword |     4 |     2 |       |       ||     6
       Scimitar          |       |     1 |       |     9 ||    10

Table legend: (Time is in decaauts)
 A = Elapsed time spent in this place.
 B = Non-inter-level travel time spent in this place.
 C = Inter-level travel time spent in this place.
 D = Time resting spent in this place.
 E = Time spent auto-exploring this place.
 F = Levels seen in this place.
 G = Mean time per level.
                   A        B        C        D        E       F      G
               +--------+--------+--------+--------+--------+-----+--------+
         Total |   1868 |   1868 |      0 |    863 |    394 |   1 | 1868.0 |
       Dungeon |   1868 |   1868 |      0 |    863 |    394 |   1 | 1868.0 |
               +--------+--------+--------+--------+--------+-----+--------+

Top non-repeatable levels by time:
       D: 1868 daAuts
